 Dungeon Crawl Stone Soup version 0.29-a0-577-gafbf2c5d25 (webtiles) character file.

Game seed: 7441219146996798873

39 HoaS the Cudgeller (level 3, -3/19 (31) HPs)
             Began as a Meteoran Fighter on June 13, 2022.
             Slain by a worm (8 damage)
             ... on level 2 of the Dungeon.
             The game lasted 00:02:16 (631 turns).

HoaS the Cudgeller (Meteoran Fighter)                Turns: 631, Time: 00:02:17

HP:   -3/19 (31)    AC:  6    Str: 19    XL:     3   Next: 97%
MP:   4/4           EV: 24    Int: 10    God:
Gold: 48            SH:  5    Dex: 13    Spells: 2/2 levels left

rFire   . . .      SeeInvis .   a - +0 flail
rCold   . . .      Faith    .   c - +0 buckler
rNeg    . . .      Spirit   .   b - +0 scale mail
rPois   .          Reflect  .   (no helmet)
rElec   .          Harm     .   (no cloak)
rCorr   .          Rampage  .   (no gloves)
Will    .....                   (no boots)
Stlth   ..........              e - amulet of the acrobat
HPRegen 0.06/turn               (no ring)
MPRegen 0.09/turn               (no ring)

@: acrobatic, glowing, very heavily drained
A: sense surroundings 1, otherworldly, glowing, explore regen
a: no special abilities


You were on level 2 of the Dungeon.
You visited 1 branch of the dungeon, and saw 2 of its levels.

You collected 48 gold pieces.

Inventory:

Hand Weapons
 a - a +0 flail (weapon)
Armour
 b - a +0 scale mail (worn)
 c - a +0 buckler (worn)
Jewellery
 e - an amulet of the acrobat (around neck)
Scrolls
 f - a scroll of enchant weapon {unknown}
 g - a scroll of vulnerability {unknown}
 h - 7 scrolls of teleportation {unknown}
 i - a scroll of identify {unknown}
Potions
 d - a potion of might
 j - a potion of attraction {unknown}
 k - a potion of ambrosia {unknown}


   Skills:
 - Level 3.2 Fighting
 + Level 5.0 Maces & Flails
 - Level 3.6 Armour
 - Level 3.6 Shields


You had 2 spell levels left.
You didn't know any spells.
Your spell library was empty.

Dungeon Overview and Level Annotations

Branches:
Dungeon (2/15)

Altars:


Innate Abilities, Weirdness & Mutations

You passively map a small area around you.
You are easily found by Zot.
You glow in the dark.
You regain HP and MP as you explore.


Message History

(D) Dungeon
Where to? (Enter - D:2, ? - help) Zot has nearly found you.
Suffering is approaching.
Descend or flee this branch!
(D) Dungeon
Where to? (Enter - D:2, ? - help)
(D) Dungeon
Where to? (Enter - D:2, ? - help) Zot's power touches on you...
You feel drained.
(D) Dungeon
Where to? (Enter - D:2, ? - help)
There is a stone staircase leading down here.
You climb downwards.
The hobgoblin shouts!
Found a brown potion.
There is a stone staircase leading up here.
A hobgoblin is nearby!
You closely miss the hobgoblin. The hobgoblin hits you.
You barely miss the hobgoblin.
The hobgoblin hits you but does no damage.
You barely miss the hobgoblin. The hobgoblin barely misses you.
You hit the hobgoblin.
The hobgoblin is lightly wounded.
The hobgoblin hits you. x2
You sock the hobgoblin!
You kill the hobgoblin!
A worm comes into view.
The worm completely misses you. The worm misses you.
The worm closely misses you. The worm closely misses you.
The worm barely misses you. The worm completely misses you. The worm bites you.
You block the worm's attack. The worm bites you.
* * * LOW HITPOINT WARNING * * *
You block the worm's attack. The worm closely misses you. The worm bites you!
You die...

, #..# *** #..#
, #..# * #..# *
* + #..# #..#
#!.######### ,*
* #.<.@w......,
* *
*#...#########*
* #.... ,
###### , , *
*** *, ** * *
** * ,


You could see a worm.

Vanquished Creatures
  A dart slug (D:1)
  3 bats (D:1)
  An endoplasm (D:1)
  5 giant cockroaches (D:1)
  4 goblins (D:1)
  3 hobgoblins
  4 jackals (D:1)
  3 quokkas (D:1)
  3 ball pythons (D:1)
  A frilled lizard (D:1)
  A kobold (D:1)
  2 rats (D:1)
31 creatures vanquished.

Notes
Turn   | Place    | Note
-------+----------+-------------------------------------------
     0 | D:1      | HoaS the Meteoran Fighter began the quest for the Orb.
     0 | D:1      | Reached XP level 1. HP: 19/19 MP: 2/2
    68 | D:1      | Reached skill level 3 in Maces & Flails
    97 | D:1      | Reached XP level 2. HP: 26/26 MP: 3/3
   264 | D:1      | Reached skill level 4 in Maces & Flails
   357 | D:1      | Reached XP level 3. HP: 31/31 MP: 4/4
   478 | D:1      | Glimpsed the power of Zot.
   507 | D:1      | Reached skill level 5 in Maces & Flails
   524 | D:1      | Glimpsed the power of Zot.
   564 | D:1      | Glimpsed the power of Zot.
   573 | D:1      | Glimpsed the power of Zot.
   574 | D:1      | Touched by the power of Zot.
   631 | D:2      | Slain by a worm

Illustrated notes

Levels and vault maps discovered:
D:1:      giann_bridges, layout_basic, minmay_pentomino_r2
D:2:      layout_loops_ring, hellmonk_ecumenical_altar_leap_of_faith,
          hangedman_glass_teeth, grunt_decor_clamped, st_stairs_10,
          nicolae_figureground_sparkle

Skill      XL: |  1  2  3 |
---------------+----------+-----
Maces & Flails | 3 4 5 |  5.0
Fighting       | |  3.2
Armour         | |  3.6
Shields        | |  3.6

Action                   || total
-------------------------++-------
Melee: Flail             ||   103
Armor: Scale mail        ||    60
Dodge: Dodged            ||    72
Block: Buckler           ||    26

Table legend: (Time is in decaauts)
 A = Elapsed time spent in this place.
 B = Non-inter-level travel time spent in this place.
 C = Inter-level travel time spent in this place.
 D = Time resting spent in this place.
 E = Time spent auto-exploring this place.
 F = Levels seen in this place.
 G = Mean time per level.
                   A        B        C        D        E       F      G
               +--------+--------+--------+--------+--------+-----+--------+
         Total |    657 |    583 |     74 |      0 |    334 |   2 |  328.5 |
       Dungeon |    657 |    583 |     74 |      0 |    334 |   2 |  328.5 |
               +--------+--------+--------+--------+--------+-----+--------+

Top non-repeatable levels by time:
     D:1: 625 daAuts
     D:2: 31 daAuts
